 Dungeon Crawl Stone Soup version 0.26-a0-800-g517d6fe721 (webtiles) character file.

Game seed: 7013282290434833142

47156 muata the Impaler (level 14, -1/135 HPs)
             Began as a Minotaur Berserker on Nov 11, 2020.
             Was a High Priest of Trog.
             Shot with an arrow by a centaur warrior (2 damage)
             ... on level 15 of the Dungeon on Nov 12, 2020.
             The game lasted 01:08:48 (18132 turns).

muata the Impaler (Minotaur Berserker)             Turns: 18132, Time: 01:08:49

Health: -1/135     AC: 15    Str: 30    XL:     14   Next: 7%
Magic:  0/22       EV: 10    Int:  4    God:    Trog [*****.]
Gold:   1097       SH:  0    Dex: 11    Spells: 13/13 levels left

rFire    . . .     SeeInvis .   I - +5 scythe "Finisher" {speed, eviscerate}
rCold    + . .     Faith    .   (shield currently unavailable)
rNeg     . . .     Spirit   +   V - +3 chain mail {rC+}
rPois    +         Reflect  .   (helmet restricted)
rElec    .         Harm     .   t - +0 cloak
rCorr    .         Rampage  .   i - +0 pair of gloves of Meplyodghug {*Corrode rPois Str+4}
MR       +....                  (no boots)
Stlth    ..........             l - amulet of guardian spirit
HPRegen  0.32/turn              N - ring of magical power
MPRegen  0.18/turn              U - +4 ring of protection

@: corroded, berserk cooldown, slowed, very slow
A: retaliatory headbutt, horns 2
a: Berserk, Trog's Hand, Brothers in Arms, Renounce Religion


You were on level 15 of the Dungeon.
You worshipped Trog.
Trog was extremely pleased with you.
You visited 1 branch of the dungeon, and saw 15 of its levels.
You also visited: Bailey.

You collected 1097 gold pieces.

Inventory:

Hand Weapons
 p - a +4 vampiric battleaxe
 z - a +2 dagger of venom
 D - a +1 battleaxe
 I - the +5 scythe "Finisher" (weapon) {speed, eviscerate}
   (You found it on level 7 of the Dungeon)

   Attacks with this weapon are significantly faster.
 L - a +1 glaive
 T - a +1 halberd of flaming
Missiles
 g - 4 poisoned darts (quivered)
 Q - 2 atropa-tipped darts
 W - 21 javelins
Armour
 i - the +0 pair of gloves of Meplyodghug (worn) {*Corrode rPois Str+4}
   (You found it on level 12 of the Dungeon)

   It affects your strength (+4).
   It protects you from poison.
   It may corrode you when you take damage.
 t - a +0 cloak (worn)
 V - a +3 chain mail of cold resistance (worn)
 Y - a +1 pair of gloves
Jewellery
 a - a cursed ring of protection from magic
 l - an amulet of guardian spirit (around neck)
 n - an uncursed ring of magical power
 r - an uncursed ring of protection from magic
 v - an uncursed amulet of magic regeneration
 N - a ring of magical power (left hand)
 O - an uncursed ring of ice
 U - a +4 ring of protection (right hand)
Wands
 o - a wand of disintegration (11)
Scrolls
 b - 8 scrolls of teleportation
 e - 8 scrolls of identify
 f - 5 scrolls of magic mapping {unknown}
 h - 2 scrolls of fog {unknown}
 j - 4 scrolls of blinking
 k - 2 scrolls of random uselessness {unknown}
 w - 2 scrolls of immolation {unknown}
 x - a scroll of enchant armour {unknown}
 y - 6 scrolls of enchant weapon {unknown}
 A - 8 scrolls of remove curse
 E - a scroll of summoning {unknown}
 K - 3 scrolls of vulnerability {unknown}
 P - 2 scrolls of amnesia {unknown}
Potions
 c - 4 potions of heal wounds
 d - 4 potions of invisibility
 q - 4 potions of curing
 s - a potion of ambrosia {unknown}
 u - a potion of resistance {unknown}
 B - 2 potions of might
 C - 3 potions of lignification {unknown}
 F - 5 potions of magic {unknown}
 G - 2 potions of attraction {unknown}
 H - a potion of mutation {unknown}
 J - a potion of flight {unknown}
Miscellaneous
 m - a phial of floods


   Skills:
 + Level 15.4 Fighting
 - Level 5.5(13.0) Axes
 + Level 17.7(18.0) Polearms
 + Level 15.2 Armour
 - Level 2.1 Dodging


You had 13 spell levels left.
You didn't know any spells.
Your spell library was empty.

Dungeon Overview and Level Annotations

Branches:
Dungeon (15/15) Temple (0/1) D:4 Lair (0/6) D:9 Orc (0/2) D:10 Vaults (0/5) D:13 D:14 Bailey (visited) Depths: D:15

Altars:
Cheibriados
Dithmenos
Gozag
Makhleb
Okawaru
Sif Muna
Yredelemnul
Zin
The Shining One

Shops:
D:6 :   D:13 (

Annotations:
D:5 Blork the orc


Innate Abilities, Weirdness & Mutations

You reflexively headbutt those who attack you in melee.
You have a pair of horns on your head.


Message History

Your troll closely misses the centaur warrior.
Your troll claws the centaur warrior!!
Your troll closely misses the centaur warrior.
You hear a twanging sound.
The arrow hits your troll.
Your troll dies!
Your troll's corpse disappears in a puff of smoke!
You hear a shout!
The centaur warrior shouts!
The centaur warrior shoots an arrow.
The arrow hits you.
* * * LOW HITPOINT WARNING * * *
The centaur warrior shoots an arrow.
The arrow hits you!!
* * * LOW HITPOINT WARNING * * *
You see here 2 arrows.
The centaur warrior shoots an arrow.
The arrow barely misses you.
The centaur warrior shoots an arrow.
The arrow hits you.
* * * LOW HITPOINT WARNING * * *
The centaur warrior shoots an arrow.
The arrow misses you.
You see here an arrow.
The centaur warrior shoots an arrow.
The arrow hits you.
You die...

#...###(cZoZ#
#..(###### #.o## #
#(o# .# #.o# # #.##
#.c# #.§.#.. #.(# ##
.#.#§#
#oF##########.§§§_§§
#.oocc(.(@.((.#§#.#§#
##.###########§#§§§#
#)# #.§#§# #.# #..§§#
#(# #.#### #.#
#####.#
#†#######.....#
#)........#####
###########


You could see an orc knight, 2 centaur warriors, a bullfrog and an orc.

Vanquished Creatures
  Rupert (D:13)
  Nessos (D:13)
  Erolcha (D:10)
  A hydra (D:14)
  9 centaur warriors
  A boulder beetle (D:11)
  5 two-headed ogres
  A tengu warrior (D:15)
  Urug (D:13)
  2 unseen horrors
  A wizard (D:15)
  11 ugly things
  5 cyclopes
  2 deep elf magi
  3 manticores
  3 gargoyles
  A kobold demonologist (D:11)
  A komodo dragon (D:9)
  A freezing wraith (D:10)
  A tengu conjurer (D:15)
  A harpy zombie (D:15)
  A hornet (shapeshifter) (D:14)
  A troll (D:12)
  A meliai zombie (D:15)
  Sigmund (D:2)
  3 shadows
  8 wraiths
  A wyvern (D:9)
  25 yaks
  A vampire (D:14)
  Eustachio (D:6)
  16 humans (D:13)
  Edmund (D:5)
  A water moccasin (D:14)
  An acid dragon (D:14)
  3 sky beasts
  4 ice beasts
  13 orc warriors
  A hornet zombie (D:13)
  An eye of draining (D:10)
  2 phantoms
  4 black bears
  A necrophage (D:10)
  35 centaurs
  4 ogres
  6 bullfrogs
  4 killer bees (D:10)
  2 scorpions
  15 wights
  4 howler monkeys
  3 centaur zombies
  3 jellies
  8 hounds
  2 quasits
  12 orc priests
  2 bullfrog skeletons
  2 iguanas
  Natasha (thrice) (D:2)
  19 orc wizards
  8 worker ants
  3 ogre zombies (D:10)
  4 hound zombies
  A howler monkey zombie (D:8)
  7 gnolls
  A worker ant zombie (D:10)
  8 adders
  A howler monkey skeleton (D:9)
  A shadow imp (D:10)
  2 ufetubi (D:8)
  3 worms
  A dart slug (D:3)
  6 leopard geckos
  65 orcs
  6 giant cockroaches
  11 goblins
  6 hobgoblins
  10 jackals
  4 kobolds
  5 quokkas
  5 bats
  2 frilled lizards
  3 goblin skeletons (D:10)
  A goblin zombie (D:10)
  A hobgoblin skeleton (D:10)
  A hobgoblin zombie (D:10)
  A jackal skeleton (D:4)
  9 orc zombies (D:10)
  A quokka zombie (D:6)
  6 rats
451 creatures vanquished.

Vanquished Creatures (collateral kills)
  An ogre mage (D:15)
  4 two-headed ogres
  An unseen horror (D:15)
  3 ogre zombies (D:10)
  4 orcs
  A goblin skeleton (D:10)
  An orc skeleton (D:10)
  2 orc zombies (D:10)
17 creatures vanquished.

Vanquished Creatures (others)
  7 plants (D:9)
7 creatures vanquished.

Grand Total: 475 creatures vanquished

Notes
Turn   | Place    | Note
-------+----------+-------------------------------------------
     0 | D:1      | muata the Minotaur Berserker began the quest for the Orb.
     0 | D:1      | Reached XP level 1. HP: 19/19 MP: 0/0
   299 | D:1      | Reached XP level 2. HP: 25/27 MP: 1/1
   979 | D:2      | Noticed Natasha
   983 | D:2      | Reached XP level 3. HP: 34/34 MP: 2/2
   988 | D:2      | Killed Natasha
   988 | D:2      | Reached XP level 4. HP: 41/41 MP: 3/3
  1086 | D:2      | Noticed Natasha
  1095 | D:2      | Killed Natasha
  1098 | D:2      | Reached ** piety under Trog
  1164 | D:2      | Noticed Sigmund
  1178 | D:2      | Killed Sigmund
  1178 | D:2      | Reached skill level 5 in Fighting
  1178 | D:2      | Reached skill level 5 in Axes
  1178 | D:2      | Reached XP level 5. HP: 46/48 MP: 4/4
  1178 | D:2      | Reached XP level 6. HP: 53/56 MP: 5/5
  1417 | D:2      | Found an iron altar of Okawaru.
  1550 | D:2      | Noticed Natasha
  1558 | D:2      | Killed Natasha
  1558 | D:2      | Reached skill level 1 in Polearms
  1558 | D:2      | Reached skill level 5 in Armour
  2304 | D:3      | Reached skill level 2 in Polearms
  2605 | D:4      | Reached skill level 3 in Polearms
  2608 | D:4      | Reached skill level 4 in Polearms
  2608 | D:4      | Reached XP level 7. HP: 63/63 MP: 6/6
  2815 | D:4      | Reached skill level 5 in Polearms
  2935 | D:4      | Reached *** piety under Trog
  2981 | D:4      | Found a staircase to the Ecumenical Temple.
  2997 | D:4      | Reached skill level 6 in Polearms
  3000 | D:4      | HP: 2/63 [poisoned by an orc wizard]
  3394 | D:4      | Found a glowing golden altar of the Shining One.
  3397 | D:4      | Found a snail-covered altar of Cheibriados.
  3400 | D:4      | Found a basalt altar of Yredelemnul.
  3420 | D:5      | Entered Level 5 of the Dungeon
  3581 | D:5      | Reached skill level 7 in Polearms
  3785 | D:5      | Reached XP level 8. HP: 25/70 MP: 7/7
  4048 | D:5      | Found a burning altar of Makhleb.
  4171 | D:5      | Reached skill level 8 in Polearms
  4201 | D:5      | Noticed Edmund
  4215 | D:5      | Killed Edmund
  4419 | D:5      | Noticed Blork the orc
  4429 | D:5      | Found a shimmering blue altar of Sif Muna.
  4729 | D:6      | Reached skill level 9 in Polearms
  5008 | D:6      | Reached skill level 10 in Polearms
  5279 | D:6      | Noticed Eustachio
  5286 | D:6      | Killed Eustachio
  5921 | D:6      | Found Fuwueb's Book Shop.
  6085 | D:6      | Reached skill level 11 in Polearms
  6095 | D:6      | Reached XP level 9. HP: 75/75 MP: 8/8
  6174 | D:6      | Reached skill level 12 in Polearms
  6635 | D:7      | Reached skill level 13 in Polearms
  6785 | D:7      | Reached skill level 14 in Polearms
  7049 | D:7      | Found the +5 scythe "Finisher" {speed, eviscerate}
  8172 | D:8      | Noticed a cyclops
  8173 | D:8      | Noticed a centaur warrior
  8181 | D:8      | Found a transporter.
  8212 | D:8      | Reached XP level 10. HP: 83/83 MP: 9/9
  8250 | D:8      | Found a transporter.
  8339 | D:8      | Reached **** piety under Trog
  9266 | D:8      | Killed a centaur warrior
  9271 | D:8      | Killed a cyclops
  9541 | D:9      | Found a glowing silver altar of Zin.
  9732 | D:9      | Found an opulent altar of Gozag.
  9879 | D:9      | Found a staircase to the Lair.
 10071 | D:10     | Entered Level 10 of the Dungeon
 10080 | D:10     | Noticed a centaur warrior
 10090 | D:10     | Killed a centaur warrior
 10120 | D:10     | Found a staircase to the Orcish Mines.
 10291 | D:10     | Reached XP level 11. HP: 99/99 MP: 10/10
 10307 | D:10     | Reached skill level 10 in Fighting
 10382 | D:10     | Noticed Erolcha
 10389 | D:10     | Killed Erolcha
 10410 | D:10     | Reached skill level 10 in Armour
 10418 | D:10     | Reached ***** piety under Trog
 10713 | D:10     | Found a flagged portal.
 10722 | D:10     | Got an ebony halberd
 10729 | Bailey   | Entered a bailey
 12857 | D:11     | Noticed a white ugly thing
 12862 | D:11     | Killed a white ugly thing
 12872 | D:11     | Noticed a boulder beetle
 12877 | D:11     | Killed a boulder beetle
 13171 | D:12     | Reached skill level 15 in Polearms
 13327 | D:12     | Received a gift from Trog
 13365 | D:11     | Identified the +6 halberd "Rusonat" {elec, *Drain rN+ Str-3
                  | Dex+9} (You found it on level 10 of the Dungeon)
 13390 | D:12     | Got a pair of distressingly furry gloves
 13401 | D:12     | Identified the +0 pair of gloves of Meplyodghug {*Corrode
                  | rPois Str+4} (You found it on level 12 of the Dungeon)
 13423 | D:12     | Reached XP level 12. HP: 112/112 MP: 11/11
 13635 | D:12     | Noticed a two-headed ogre
 13649 | D:12     | Killed a two-headed ogre
 14939 | D:13     | Noticed a two-headed ogre
 14948 | D:13     | Killed a two-headed ogre
 15334 | D:13     | Noticed a centaur warrior
 15341 | D:13     | Killed a centaur warrior
 15410 | D:13     | Reached skill level 16 in Polearms
 15496 | D:13     | Found Yvicod's Weapon Shoppe.
 15496 | D:13     | Noticed a two-headed ogre
 15538 | D:13     | Killed a two-headed ogre
 15920 | D:14     | Found a gate to the Vaults.
 15920 | D:14     | Noticed Nessos
 15920 | D:14     | Noticed Urug
 15920 | D:14     | Noticed Rupert
 15920 | D:14     | Noticed a centaur warrior
 16334 | D:13     | Reached XP level 13. HP: 78/123 MP: 12/12
 16340 | D:13     | Killed Urug
 16787 | D:13     | Killed Rupert
 17184 | D:13     | Killed Nessos
 17225 | D:14     | Reached skill level 17 in Polearms
 17321 | D:14     | Found a basalt altar of Yredelemnul.
 17769 | D:14     | Reached skill level 15 in Fighting
 17848 | D:14     | Found a glowing golden altar of the Shining One.
 18005 | D:15     | Entered Level 15 of the Dungeon
 18005 | D:15     | Found a shadowy altar of Dithmenos.
 18069 | D:15     | Received a gift from Trog
 18093 | D:15     | Reached skill level 15 in Armour
 18105 | D:15     | Reached XP level 14. HP: 135/135 MP: 13/13
 18129 | D:15     | HP: 4/135 [centaur warrior/arrow (18)]
 18131 | D:15     | HP: 1/135 [centaur warrior/arrow (4)]
 18132 | D:15     | Shot with an arrow by a centaur warrior

Illustrated notes

Levels and vault maps discovered:
D:1:      evilmike_arrival_crescent, layout_basic
D:2:      layout_rooms, okawaru_gym_becter, kennysheep_small_spiral,
          uniq_natasha, uniq_sigmund
D:3:      layout_basic, minmay_misc_feat_room
D:4:      cheibrodos_helix_gallery, layout_basic, grunt_temple_overflow_diamond,
          minmay_temple_entry_junction_2
D:5:      layout_rooms, basic_altar, tgw_sif, uniq_edmund
D:6:      layout_layer_cave, serial_shops, kennysheep_mini,
          corexii_item_surrounded_by_moat, uniq_eustachio
D:7:      layout_basic, minmay_guarded_unrand_finisher
D:8:      gammafunk_sealed_arena, layout_basic,
          hangedman_abyss_or_decor_lesser_grid
D:9:      layout_long_grid, old_standard_altar, zin_statuary,
          david_lair_shrubbed, chequers_decorated_corner
D:10:     layout_basic, zombieorc1_lemuel, enter_bailey_2, uniq_erolcha
D:11:     layout_cave_pools
D:12:     layout_roguey, minivault_16
D:13:     layout_basic, serial_shops, nicolae_shop_window_shopping
D:14:     layout_loops_ring, david_vaults_3, yredelemnul_altar_generic,
          tso_altar
D:15:     grunt_enter_depths_magical_seal, layout_loops_ring,
          grunt_dithmenos_smoke_and_mirrors

Skill      XL: |  1  2  3  4  5  6  7  8  9 10 11 12 13 |
---------------+----------------------------------------+-----
Axes           | 4 5 |  5.5
Fighting       | 4 5 6 9 12 13 15 | 15.4
Armour         | 3 4 5 9 11 13 15 | 15.2
Polearms       | 4 7 11 14 15 16 17 | 17.7
Dodging        | |  2.1

Action                   |  1- 3 |  4- 6 |  7- 9 | 10-12 | 13-15 || total
-------------------------+-------+-------+-------+-------+-------++-------
Melee: Hand axe          |    36 |    15 |       |       |       ||    51
       Headbutt          |     4 |    17 |    43 |   105 |    40 ||   209
       Scythe            |       |    95 |   173 |   348 |    15 ||   631
       Dagger            |       |       |    96 |       |       ||    96
       Halberd           |       |       |       |   170 |    41 ||   211
       Battleaxe         |       |       |       |       |    91 ||    91
Throw: Dart              |       |       |     1 |       |       ||     1
Invok: Berserk           |     2 |     4 |    11 |    14 |    10 ||    41
       Trog's Hand       |       |       |     4 |     8 |       ||    12
       Brothers in Arms  |       |       |       |     4 |     3 ||     7
  Use: Scroll            |       |       |     2 |     7 |       ||     9
       Potion            |       |       |     2 |       |       ||     2
 Stab: Sleeping          |     1 |       |       |       |       ||     1
       Distracted        |       |       |       |     2 |       ||     2
Armor: Animal skin       |     5 |       |       |       |       ||     5
       Chain mail        |       |    44 |   244 |   386 |   165 ||   839
       Scale mail        |       |    34 |       |       |       ||    34
Dodge: Dodged            |    30 |    91 |   174 |   305 |    97 ||   697

Table legend: (Time is in decaauts)
 A = Elapsed time spent in this place.
 B = Non-inter-level travel time spent in this place.
 C = Inter-level travel time spent in this place.
 D = Time resting spent in this place.
 E = Time spent auto-exploring this place.
 F = Levels seen in this place.
 G = Mean time per level.
                   A        B        C        D        E       F      G
               +--------+--------+--------+--------+--------+-----+--------+
         Total |  18658 |  17740 |    918 |   4752 |   8493 |  16 | 1166.1 |
       Dungeon |  17665 |  16747 |    918 |   4469 |   8377 |  15 | 1177.7 |
        Bailey |    992 |    992 |      0 |    283 |    116 |   1 |  992.0 |
               +--------+--------+--------+--------+--------+-----+--------+

Top non-repeatable levels by time:
    D:13: 2750 daAuts
     D:6: 2250 daAuts
    D:10: 1360 daAuts
    D:12: 1333 daAuts
     D:5: 1330 daAuts
     D:7: 1276 daAuts
     D:4: 1072 daAuts
     D:8: 1067 daAuts
  Bailey: 992 daAuts
     D:1: 966 daAuts
     D:2: 927 daAuts
    D:14: 870 daAuts
     D:3: 846 daAuts
    D:11: 754 daAuts
     D:9: 735 daAuts
